 Dungeon Crawl Stone Soup version 0.21.1-35-gfefc1aa2bb (webtiles) character file.

86962 NoAnimeNoLife the Fighter (level 15, -2/94 HPs)
             Began as a Gnoll Wanderer on Aug 1, 2018.
             Was a High Priest of Hepliaklqana.
             Slain by an Executioner (18 damage)
             ... on level 4 of the Abyss.
             The game lasted 02:03:06 (29871 turns).

NoAnimeNoLife the Fighter (Gnoll Wanderer)         Turns: 29871, Time: 02:03:06

Health: -2/94      AC: 21    Str: 20      XL:     15   Next: 89%
Magic:  2/23       EV: 19    Int: 14 (17) God:    Hepliaklqana [*****.]
Gold:   1481       SH:  0    Dex: 18      Spells: 3/34 levels left

rFire    + . .     SeeInvis .   L - +3 halberd (freeze)
rCold    + . .     Gourm    .   (shield currently unavailable)
rNeg     . . .     Faith    .   i - +9 ring mail "Budaant" {rCorr}
rPois    +         Spirit   .   I - +1 hat
rElec    +         Reflect  .   N - scarf {cloud immunity}
rCorr    +         Harm     .   (no gloves)
MR       +....                  x - +2 pair of boots
Stlth    ++++......             H - amulet of magic regeneration
HPRegen  1.25/turn              o - ring of wizardry
MPRegen  0.43/turn              S - +3 ring of strength

@: about to teleport, resistant, regenerating
A: distributed training, reduced essence, antennae 1, fangs 1, iridescent scales
1, agile 1, [deformed body], [frail 1], [low mp 2], shaggy fur 1, sturdy frame
1, strong nose
a: Recall Ancestor, Ancestor Identity, Transference, Idealise, Renounce Religion


You were on level 4 of the Abyss.
You worshipped Hepliaklqana.
Hepliaklqana was extremely pleased with you.
You were full.

You visited 2 branches of the dungeon, and saw 21 of its levels.
You visited the Abyss 1 time.
You also visited: Bailey and Ice Cave.

You collected 2051 gold pieces.
You spent 570 gold pieces at shops.

Inventory:

Hand Weapons
 L - a +3 halberd of freezing (weapon)
 M - a +6 blowgun
Missiles
 h - 69 poisoned needles
 n - 3 needles of paralysis
 O - 9 curare-tipped needles
Armour
 i - the +9 ring mail "Budaant" (worn) {rCorr}
   (You found it on level 11 of the Dungeon)

   It protects you from acid and corrosion.
 m - the cursed +0 leather armour "Qojomp" {rElec rF+ rC+ Int+4, unknown}
   (You found it on level 4 of the Abyss)

   It affects your intelligence (+4).
   It protects you from fire.
   It protects you from cold.
   It insulates you from electricity.
   It has a curse placed upon it.
 p - +2 ice dragon scales
 x - a +2 pair of boots (worn)
 I - a +1 hat (worn)
 N - a scarf of cloud immunity (worn)
Jewellery
 a - an uncursed amulet of guardian spirit
 o - a ring of wizardry (left hand)
 y - an uncursed ring of ice
 D - an uncursed ring of protection from magic
 F - an uncursed ring of protection from cold
 H - an amulet of magic regeneration (around neck)
 S - a +3 ring of strength (right hand)
 T - an uncursed ring of see invisible
Wands
 d - a wand of iceblast (24)
 g - a wand of flame (13)
 v - a wand of disintegration (21)
 z - a wand of scattershot (7)
 Q - a wand of paralysis (28)
 V - a wand of random effects (27)
 Y - a wand of enslavement (21)
Scrolls
 e - a scroll of silence
 j - 3 scrolls of enchant weapon
 k - 3 scrolls of teleportation
 w - a scroll of magic mapping
 A - 5 scrolls of fog
 C - a scroll of fear
 K - 2 scrolls of remove curse
Potions
 q - a potion of cancellation
 t - 3 potions of might
 u - 3 potions of berserk rage
 B - a potion of lignification
 E - 4 potions of brilliance
 J - 3 potions of resistance
 R - 3 potions of agility
 W - 2 potions of flight
 X - a potion of invisibility
Books
 l - a book of the Tempests

   Spells                             Type                      Level
   a - Static Discharge               Conjuration/Air              3
   b - Lightning Bolt                 Conjuration/Air              5
   c - Ignition                       Fire                         8
   d - Tornado                        Air                          9
   e - Shatter                        Earth                        9
 G - a book of Dreams

   Spells                             Type                      Level
   a - Ensorcelled Hibernation        Hexes/Ice                    2
   b - Borgnjor's Vile Clutch         Necromancy/Earth             5
   c - Silence                        Hexes/Air                    5
   d - Darkness                       Hexes                        6
   e - Shadow Creatures               Summoning                    6
 P - the Handbook of Mutagenic Venom
   (You found it on level 13 of the Dungeon)

   Spells                             Type                      Level
   a - Sting                          Conjuration/Poison           1
   b - Poisonous Vapours              Poison/Air                   2
   c - Sticks to Snakes               Transmutation                2
   d - Olgreb's Toxic Radiance        Poison                       4
   e - Venom Bolt                     Conjuration/Poison           5
 U - a book of Debilitation

   Spells                             Type                      Level
   a - Corona                         Hexes                        1
   b - Slow                           Hexes                        2
   c - Inner Flame                    Hexes/Fire                   3
   d - Portal Projectile              Hexes/Translocation          3
   e - Cause Fear                     Hexes                        4
   f - Leda's Liquefaction            Hexes/Earth                  4
Miscellaneous
 b - a fan of gales
 s - 2 boxes of beasts
 Z - a phial of floods
Comestibles
 f - 17 rations


   Skills:
 + Level 11.1 Fighting
 + Level 10.2 Short Blades
 + Level 10.2 Long Blades
 + Level 10.2 Axes
 + Level 10.2 Maces & Flails
 + Level 10.2 Polearms
 + Level 10.2 Staves
 + Level 10.2 Slings
 + Level 10.2 Bows
 + Level 10.2 Crossbows
 + Level 10.2 Throwing
 + Level 10.2 Armour
 + Level 10.5 Dodging
 + Level 10.5 Stealth
 + Level 10.5 Shields
 + Level 10.2 Unarmed Combat
 + Level 10.2 Spellcasting
 + Level 8.6 Conjurations
 + Level 8.6 Hexes
 + Level 9.4 Charms
 + Level 10.2 Summonings
 + Level 8.6 Necromancy
 + Level 8.6 Translocations
 + Level 8.6 Transmutations
 + Level 8.6 Fire Magic
 + Level 8.6 Ice Magic
 + Level 8.6 Air Magic
 + Level 8.6 Earth Magic
 + Level 8.6 Poison Magic
 + Level 11.0 Invocations
 + Level 10.2 Evocations


You had 3 spell levels left.
You knew the following spells:

 Your Spells              Type           Power        Failure   Level  Hunger
a - Summon Ice Beast      Ice/Summ       ####....     1%          4    ###....
b - Call Canine Familiar  Summ           #####...     1%          3    #......
c - Regeneration          Chrm/Necr      ####......   1%          3    #......
d - Infusion              Chrm           ####         1%          1    None
e - Spectral Weapon       Hex/Chrm       ####....     1%          3    #......
f - Shroud of Golubria    Chrm/Tloc      ####......   1%          2    None
g - Mephitic Cloud        Conj/Pois/Air  ####....     1%          3    #......
h - Deflect Missiles      Chrm/Air       ####......   17%         6    ######.
i - Shadow Creatures      Summ           N/A          12%         6    ######.


Dungeon Overview and Level Annotations

Branches:
Dungeon (15/15)            Temple (0/1) D:5            Lair (6/6) D:9
  Swamp (0/4) Lair:3        Snake (0/4) Lair:4        Slime (0/5) Lair:6
    Orc (0/2) D:12         Vaults (0/5) D:14
 Depths: D:15

Altars:
Cheibriados
Elyvilon
Hepliaklqana
Okawaru
Sif Muna
Trog
Vehumet
Wu Jian
Xom
Yredelemnul
The Shining One

Shops:
D:4 (   D:6 *   D:14 *

Annotations:
D:15 Rupert
Lair:1 exclusion: oklob plant


Innate Abilities, Weirdness & Mutations

Your experience applies equally to all skills.
You have very sharp teeth.
Your uncanny sense of smell can sniff out nearby items.
Your life essence is reduced to manifest your ancestor. (-10% HP)
You have a pair of small antennae on your head.
You are partially covered in iridescent scales. (AC +2)
You are agile. (Dex +2)
You are covered in fur. (AC +1)
Your movements are slightly less encumbered by armour. (ER -2)
[Armour fits poorly on your strangely shaped body.]
[You are frail. (-10% HP)]
[Your magical capacity is very low. (-20% MP)]


Message History

The tentacled starspawn engulfs your large abomination but does no damage.
Your large abomination closely misses the Executioner.
The Executioner misses you. The Executioner completely misses you.
The Executioner hits you but does no damage.
You feel protected. The Executioner closely misses you.
The Executioner misses you. The Executioner hits you.
* * * LOW HITPOINT WARNING * * *
The Executioner hits you but does no damage.
The Executioner completely misses you. The Executioner closely misses you.
A tentacle flies out from the starspawn's body!
The Executioner hits you but does no damage.
The Executioner closely misses you.
The Executioner hits you but does no damage.
Your large abomination hits the Executioner!
A starspawn tentacle comes into view.
Casting: Shadow Creatures
Confirm with . or Enter, or press ? or * to list all spells.
Your skin crawls.
The Executioner hits you!!
You die...

.#...# .# . . ..
..... .. .###.. .
...... #...#. .##
... .##.........
. ## .. #.....##
. . ##.#..
....#..# .
......X###....###
. # #wX1.#### .##
###@##. ###.... {
##### .# # {{ . ∆


You could see a tentacled starspawn, an Executioner, a starspawn tentacle and a
friendly large abomination.

Vanquished Creatures
  5 vault guards (D:14)
  2 hydras
  An ice dragon (Lair:6)
  A centaur warrior (D:13)
  A catoblepas (Lair:5)
  A death yak (Lair:4)
  7 two-headed ogres
  A tengu warrior (D:14)
  A thrashing horror (Abyss:4)
  Sonja (D:12)
  2 skeletal warriors (D:14)
  A sixfirhy (Abyss:4)
  A lindwurm (Lair:6)
  5 ugly things
  A deep elf mage (D:13)
  An elephant (Lair:3)
  Joseph (D:7)
  3 black mambas (Lair:6)
  A guardian serpent (Lair:6)
  4 centaur skeletons
  A torpor snail (Lair:6)
  9 spiny frogs
  An ancient zyme (Abyss:4)
  A hellwing (Abyss:4)
  2 komodo dragons
  3 trolls
  A meliai (D:13)
  10 polar bears (IceCv)
  4 tyrant leeches
  3 raiju (Abyss:4)
  3 slime creatures (D:12)
  4 hornets
  3 blink frogs (Lair:6)
  5 hippogriffs
  A shadow (D:13)
  A ynoxinul (Abyss:4)
  2 redbacks (Lair:6)
  A wraith (Abyss:4)
  26 yaks
  10 wyverns
  A chaos spawn (Abyss:4)
  2 basilisks
  A vampire mosquito (D:11)
  3 hungry ghosts
  An acid dragon (D:12)
  12 water moccasins
  4 porcupines
  A hornet zombie (D:10)
  5 orc warriors
  2 sky beasts
  2 eyes of draining
  3 ice beasts
  2 black bears
  5 ogres
  3 phantoms
  20 wolves
  3 centaurs
  8 crocodiles
  3 big kobolds
  6 bullfrogs
  A wyvern zombie (D:10)
  2 scorpions (D:6)
  6 wights
  2 howler monkeys
  2 crimson imps
  2 centaur zombies
  A bullfrog zombie (D:12)
  A jelly (D:12)
  5 orc priests
  5 hounds
  An iguana (D:8)
  12 orc wizards
  Ijyb (D:4)
  7 worker ants
  A human simulacrum (D:12)
  3 hound skeletons
  Robin (D:3)
  5 gnolls
  9 adders
  A shadow imp (D:4)
  2 oozes
  2 adder zombies
  5 worms
  7 leopard geckos
  34 orcs
  5 giant cockroaches
  10 goblins
  9 hobgoblins
  11 jackals
  5 quokkas
  A ball python (D:1)
  10 bats
  7 frilled lizards
  A giant cockroach zombie (D:5)
  20 kobolds
  2 leopard gecko skeletons (D:5)
  A quokka skeleton (D:6)
  11 rats
430 creatures vanquished.

Vanquished Creatures (collateral kills)
  Roxanne (D:14)
  A frost giant (IceCv)
  A fire dragon (D:14)
  3 vault guards (D:14)
  An ice dragon (Abyss:4)
  2 hydras
  3 two-headed ogres
  2 death yaks (Lair:4)
  2 ogre magi
  A thrashing horror (Abyss:4)
  A sixfirhy (Abyss:4)
  3 skeletal warriors (D:14)
  3 unseen horrors
  An orc knight (D:11)
  A wolf spider (Lair:6)
  A cyclops (D:14)
  4 ugly things
  2 elephants (Lair:3)
  2 manticores
  3 black mambas
  3 centaur zombies
  An ice statue (IceCv)
  4 torpor snails (Lair:6)
  12 spiny frogs
  3 komodo dragons
  A hellwing (Abyss:4)
  A polar bear (IceCv)
  2 trolls (D:11)
  A tyrant leech (Lair:6)
  A raiju (shapeshifter) (Abyss:4)
  5 hornets (Lair:6)
  A slime creature (D:12)
  5 hippogriffs
  5 blink frogs (Lair:6)
  2 redbacks (Lair:6)
  44 yaks
  4 wyverns
  2 ynoxinuls (Abyss:4)
  A wraith (D:14)
  A steam dragon (D:11)
  3 wargs (D:9)
  A soldier ant (D:14)
  A swamp worm (Lair:3)
  A large abomination (Abyss:4)
  9 water moccasins
  An ice beast (D:7)
  3 orc warriors
  2 porcupines
  A swamp drake (D:12)
  3 sky beasts
  8 ogres
  24 wolves
  2 centaurs
  6 crocodiles
  A big kobold (D:8)
  5 bullfrogs
  A gnoll sergeant (D:7)
  A scorpion (D:8)
  4 wights
  9 killer bees
  A howler monkey (D:4)
  A crimson imp (D:7)
  A bullfrog zombie (D:5)
  2 centaur skeletons
  4 hounds
  3 jellies
  2 bullfrog skeletons (D:8)
  5 orc priests
  3 iguanas
  4 orc wizards
  2 worker ants (D:11)
  A human simulacrum (D:12)
  A worker ant zombie (D:8)
  5 adders
  2 gnolls
  2 shadow imps
  An adder zombie (D:5)
  A leopard gecko (D:4)
  21 orcs
  A giant cockroach (D:3)
  5 goblins
  2 hobgoblins
  A jackal (D:3)
  7 bats
  2 frilled lizards
  A jackal skeleton (D:4)
  11 kobolds
  A quokka zombie (D:8)
  4 rats
  3 fungi
  7 plants
330 creatures vanquished.

Vanquished Creatures (others)
  A wolf (IceCv)
  A big kobold (D:8)
  An orc wizard (D:8)
  28 battlemagi
  5 ancestors
  An orc (D:8)
  A jackal (D:8)
  26 fungi
  2 lurking horrors (Abyss:4)
  56 plants
  17 spectral weapons
  4 toadstools (D:1)
143 creatures vanquished.

Grand Total: 903 creatures vanquished

Notes
Turn   | Place    | Note
-------+----------+-------------------------------------------
     0 | D:1      | NoAnimeNoLife the Gnoll Wanderer began the quest for the Orb.
     0 | D:1      | NoAnimeNoLife set off with: a book of Callings, the Catalogue of the Birds, a potion of curing, a +0 robe, a +0 club, a ration
     0 | D:1      | Reached XP level 1. HP: 20/20 MP: 1/1
   498 | D:1      | Reached XP level 2. HP: 21/26 MP: 2/2
   910 | D:1      | Identified the Catalogue of the Birds
   912 | D:1      | Learned a level 1 spell: Summon Small Mammal
  1222 | D:2      | Reached XP level 3. HP: 17/31 MP: 3/3
  1604 | D:2      | Reached skill level 1 in Invocations
  1670 | D:2      | Reached skill level 1 in Short Blades
  1670 | D:2      | Reached skill level 1 in Long Blades
  1670 | D:2      | Reached skill level 1 in Axes
  1670 | D:2      | Reached skill level 1 in Maces & Flails
  1670 | D:2      | Reached skill level 1 in Polearms
  1670 | D:2      | Reached skill level 1 in Staves
  1670 | D:2      | Reached skill level 1 in Slings
  1670 | D:2      | Reached skill level 1 in Bows
  1670 | D:2      | Reached skill level 1 in Crossbows
  1670 | D:2      | Reached skill level 1 in Throwing
  1670 | D:2      | Reached skill level 1 in Armour
  1670 | D:2      | Reached skill level 1 in Unarmed Combat
  1670 | D:2      | Reached skill level 1 in Spellcasting
  1670 | D:2      | Reached skill level 1 in Evocations
  1671 | D:2      | Reached XP level 4. HP: 23/38 MP: 3/5
  2345 | D:2      | Reached skill level 1 in Conjurations
  2345 | D:2      | Reached skill level 1 in Hexes
  2345 | D:2      | Reached skill level 1 in Necromancy
  2345 | D:2      | Reached skill level 1 in Translocations
  2345 | D:2      | Reached skill level 1 in Transmutations
  2345 | D:2      | Reached skill level 1 in Fire Magic
  2345 | D:2      | Reached skill level 1 in Ice Magic
  2345 | D:2      | Reached skill level 1 in Air Magic
  2345 | D:2      | Reached skill level 1 in Earth Magic
  2345 | D:2      | Reached skill level 1 in Poison Magic
  2427 | D:3      | Found a hazy altar of Hepliaklqana.
  2435 | D:3      | Became a worshipper of Hepliaklqana the Forgotten
  2561 | D:3      | Found a basalt altar of Yredelemnul.
  2570 | D:3      | Reached XP level 5. HP: 29/38 MP: 6/6
  2655 | D:3      | Found a radiant altar of Vehumet.
  2909 | D:3      | Found a snail-covered altar of Cheibriados.
  3039 | D:3      | Found a white marble altar of Elyvilon.
  3258 | D:3      | Noticed Robin
  3274 | D:3      | Killed Robin
  3453 | D:3      | Reached * piety under Hepliaklqana
  3635 | D:4      | Found Ryf Hol's Antique Weapon Emporium.
  3675 | D:4      | Bought a glowing quarterstaff for 196 gold pieces
  3790 | D:4      | Reached XP level 6. HP: 39/45 MP: 8/8
  3919 | D:4      | Reached skill level 5 in Fighting
  4250 | D:4      | Reached XP level 7. HP: 39/50 MP: 10/10
  4440 | D:4      | You fall through a shaft for 2 floors!
  4537 | D:6      | Learned a level 3 spell: Call Canine Familiar
  4667 | D:5      | Entered Level 5 of the Dungeon
  4861 | D:5      | Noticed a hippogriff
  5183 | D:4      | Noticed a moth of wrath
  5186 | D:4      | Found a bloodstained altar of Trog.
  5263 | D:4      | Found a deep blue altar of Sif Muna.
  5287 | D:4      | Reached XP level 8. HP: 51/56 MP: 12/12
  5553 | D:5      | Noticed Ijyb
  6173 | D:4      | Killed Ijyb
  6532 | D:5      | Killed a hippogriff
  6634 | D:5      | Found an iron altar of Okawaru.
  6660 | D:5      | Found a staircase to the Ecumenical Temple.
  6938 | D:6      | Found an ornate altar of the Wu Jian Council.
  6942 | D:6      | Found Saff's Assorted Antiques.
  6969 | D:6      | Bought a sharpened fluorescent wand for 64 gold pieces
  7156 | D:6      | Reached XP level 9. HP: 52/62 MP: 14/14
  7164 | D:6      | Reached skill level 5 in Charms
  7864 | D:7      | Noticed Joseph
  7879 | D:7      | Killed Joseph
  8397 | D:7      | Learned a level 3 spell: Regeneration
  8496 | D:8      | Reached ** piety under Hepliaklqana
  8497 | D:8      | Remembered your ancestor Simosihle as a battlemage
  8508 | D:8      | Reached skill level 5 in Dodging
  8508 | D:8      | Reached skill level 5 in Shields
  8519 | D:8      | Found a shimmering altar of Xom.
  8532 | D:8      | Reached skill level 5 in Stealth
  8733 | D:8      | Reached skill level 5 in Invocations
  9471 | D:7      | Reached XP level 10. HP: 69/69 MP: 13/17
  9825 | D:8      | Learned a level 1 spell: Infusion
  9829 | D:8      | Learned a level 3 spell: Spectral Weapon
  9832 | D:8      | Learned a level 2 spell: Shroud of Golubria
 10176 | D:9      | Found a staircase to the Lair.
 10177 | D:9      | Noticed a two-headed ogre
 10204 | D:9      | Found a flagged portal.
 10295 | D:9      | Reached skill level 5 in Short Blades
 10295 | D:9      | Reached skill level 5 in Long Blades
 10295 | D:9      | Reached skill level 5 in Axes
 10295 | D:9      | Reached skill level 5 in Maces & Flails
 10295 | D:9      | Reached skill level 5 in Polearms
 10295 | D:9      | Reached skill level 5 in Staves
 10295 | D:9      | Reached skill level 5 in Slings
 10295 | D:9      | Reached skill level 5 in Bows
 10295 | D:9      | Reached skill level 5 in Crossbows
 10295 | D:9      | Reached skill level 5 in Throwing
 10295 | D:9      | Reached skill level 5 in Armour
 10295 | D:9      | Reached skill level 5 in Unarmed Combat
 10295 | D:9      | Reached skill level 5 in Spellcasting
 10295 | D:9      | Reached skill level 5 in Evocations
 10361 | D:9      | Noticed a two-headed ogre
 10369 | D:9      | Killed a two-headed ogre
 10372 | D:9      | Reached *** piety under Hepliaklqana
 10450 | D:9      | Got an iridescent hand axe
 10453 | Bailey   | Entered a bailey
 10462 | Bailey   | Identified the +8 hand axe of Strategic Superiority {flame, rF++ MR- Str-5 Int+8} (You found it on level 9 of the Dungeon)
 10545 | Bailey   | Noticed an orc knight
 10550 | Bailey   | Noticed an orc knight
 10611 | D:9      | Killed a two-headed ogre
 11117 | D:9      | Reached XP level 11. HP: 61/75 MP: 19/19
 11853 | D:10     | Entered Level 10 of the Dungeon
 12018 | D:10     | Noticed a two-headed ogre
 12030 | D:10     | Killed a two-headed ogre
 12030 | D:10     | Reached skill level 5 in Conjurations
 12030 | D:10     | Reached skill level 5 in Hexes
 12030 | D:10     | Reached skill level 5 in Necromancy
 12030 | D:10     | Reached skill level 5 in Translocations
 12030 | D:10     | Reached skill level 5 in Transmutations
 12030 | D:10     | Reached skill level 5 in Fire Magic
 12030 | D:10     | Reached skill level 5 in Ice Magic
 12030 | D:10     | Reached skill level 5 in Air Magic
 12030 | D:10     | Reached skill level 5 in Earth Magic
 12030 | D:10     | Reached skill level 5 in Poison Magic
 12041 | D:10     | Learned a level 4 spell: Summon Ice Beast
 12835 | Lair:1   | Entered Level 1 of the Lair of Beasts
 13038 | Lair:1   | Reached **** piety under Hepliaklqana
 13935 | Lair:1   | Noticed an oklob plant
 14674 | Lair:2   | Gained mutation: Scrolls take you a little longer to read. [potion of mutation]
 14674 | Lair:2   | Gained mutation: You are covered in fur. (AC +1) [potion of mutation]
 14674 | Lair:2   | Gained mutation: Scrolls take you longer to read. [potion of mutation]
 14674 | Lair:2   | Gained mutation: You have a pair of small antennae on your head. [potion of mutation]
 14675 | Lair:2   | Lost mutation: Scrolls take you longer to read. [potion of mutation]
 14675 | Lair:2   | Lost mutation: Scrolls take you a little longer to read. [potion of mutation]
 14675 | Lair:2   | Gained mutation: Your movements are slightly less encumbered by armour. (ER -2) [potion of mutation]
 14675 | Lair:2   | Gained mutation: You are partially covered in iridescent scales. (AC +2) [potion of mutation]
 14675 | Lair:2   | Gained mutation: You are agile. (Dex +2) [potion of mutation]
 14784 | Lair:2   | Got a warped great sword
 14791 | Lair:2   | Identified the cursed +0 great sword "Fiuzxaj" {vamp, *Noise +Blink Dex+4} (You found it on level 2 of the Lair of Beasts)
 14908 | Lair:2   | Noticed a four-headed hydra
 14917 | Lair:2   | Killed a three-headed hydra
 14917 | Lair:2   | Reached XP level 12. HP: 83/83 MP: 5/22
 15265 | Lair:3   | Reached ***** piety under Hepliaklqana
 15610 | Lair:3   | Found a staircase to the Swamp.
 16115 | Lair:4   | Noticed a death yak
 16116 | Lair:4   | Noticed a death yak
 16118 | Lair:4   | Noticed a death yak
 16132 | Lair:4   | Killed a death yak
 16147 | Lair:4   | Killed a death yak
 16363 | Lair:4   | Killed a death yak
 16510 | Lair:4   | Learned a level 3 spell: Mephitic Cloud
 16725 | Lair:4   | Found a staircase to the Snake Pit.
 17080 | Lair:5   | Noticed a catoblepas
 17080 | Lair:5   | Reached XP level 13. HP: 57/90 MP: 8/24
 17968 | Lair:6   | Entered Level 6 of the Lair of Beasts
 18091 | Lair:6   | Found a staircase to the Slime Pits.
 20189 | Lair:6   | Learned a level 6 spell: Deflect Missiles
 20207 | Lair:6   | Reached XP level 14. HP: 89/98 MP: 21/26
 21104 | Lair:6   | Found a runed door.
 21182 | Lair:6   | Reached skill level 10 in Fighting
 22193 | D:11     | Identified the +9 ring mail "Budaant" {rCorr} (You found it on level 11 of the Dungeon)
 23191 | D:12     | Noticed Sonja
 23207 | D:12     | Killed Sonja
 23647 | D:12     | Reached skill level 10 in Invocations
 23727 | D:12     | Found a staircase to the Orcish Mines.
 23987 | D:13     | Found a frozen archway.
 23995 | IceCv    | Entered an ice cave
 24989 | IceCv    | Noticed a frost giant
 25001 | IceCv    | Learned a level 6 spell: Shadow Creatures
 25031 | IceCv    | Killed a frost giant
 26066 | D:13     | Identified the Handbook of Mutagenic Venom
 26110 | D:13     | Reached XP level 15. HP: 105/105 MP: 4/28
 26516 | D:14     | Reached skill level 10 in Dodging
 26516 | D:14     | Reached skill level 10 in Shields
 26671 | D:14     | Noticed Roxanne
 26705 | D:14     | Reached skill level 10 in Stealth
 26994 | D:14     | Killed Roxanne
 27607 | D:14     | Found a gate to the Vaults.
 27654 | D:14     | Reached skill level 10 in Summonings
 27904 | D:14     | Found a glowing golden altar of the Shining One.
 27920 | D:14     | Reached skill level 10 in Short Blades
 27920 | D:14     | Reached skill level 10 in Long Blades
 27920 | D:14     | Reached skill level 10 in Axes
 27920 | D:14     | Reached skill level 10 in Maces & Flails
 27920 | D:14     | Reached skill level 10 in Polearms
 27920 | D:14     | Reached skill level 10 in Staves
 27920 | D:14     | Reached skill level 10 in Slings
 27920 | D:14     | Reached skill level 10 in Bows
 27920 | D:14     | Reached skill level 10 in Crossbows
 27920 | D:14     | Reached skill level 10 in Throwing
 27920 | D:14     | Reached skill level 10 in Armour
 27920 | D:14     | Reached skill level 10 in Unarmed Combat
 27920 | D:14     | Reached skill level 10 in Spellcasting
 27920 | D:14     | Reached skill level 10 in Evocations
 28643 | D:14     | Found Ysues's General Store.
 28647 | D:14     | Bought a +3 ring of strength for 235 gold pieces
 28647 | D:14     | Bought a potion of heal wounds for 75 gold pieces
 28674 | D:15     | Entered Level 15 of the Dungeon
 29112 | D:15     | Noticed Rupert
 29115 | D:15     | Cast into level 4 of the Abyss (miscasting Shadow Creatures)
 29198 | Abyss:4  | Noticed a lich
 29209 | Abyss:4  | HP: 5/106 [chaos spawn (1)]
 29209 | Abyss:4  | HP: 1/106 [chaos spawn (4)]
 29248 | Abyss:4  | Found a corrupted altar of Lugonu.
 29312 | Abyss:4  | Noticed a lich
 29319 | Abyss:4  | Noticed an angel
 29319 | Abyss:4  | HP: 3/106 [hell hog/fireball (18)]
 29344 | Abyss:4  | Noticed a lich
 29404 | Abyss:4  | Noticed a cacodemon
 29481 | Abyss:4  | Noticed a shadow dragon
 29519 | Abyss:4  | Reached ****** piety under Hepliaklqana
 29621 | Abyss:4  | Got a heavily runed leather armour
 29858 | Abyss:4  | Noticed an Executioner
 29866 | Abyss:4  | Noticed a tentacled starspawn
 29871 | Abyss:4  | Slain by an Executioner

Skill      XL: |  1  2  3  4  5  6  7  8  9 10 11 12 13 14 15 |
---------------+----------------------------------------------+-----
Invocations    | 1 2 3 4 5 6 7 8 9 10 11 | 11.0
Short Blades   | 1 2 3 4 5 6 7 8 9 10 | 10.2
Long Blades    | 1 2 3 4 5 6 7 8 9 10 | 10.2
Axes           | 1 2 3 4 5 6 7 8 9 10 | 10.2
Maces & Flails | 1 2 3 4 5 6 7 8 9 10 | 10.2
Polearms       | 1 2 3 4 5 6 7 8 9 10 | 10.2
Staves         | 1 2 3 4 5 6 7 8 9 10 | 10.2
Slings         | 1 2 3 4 5 6 7 8 9 10 | 10.2
Bows           | 1 2 3 4 5 6 7 8 9 10 | 10.2
Crossbows      | 1 2 3 4 5 6 7 8 9 10 | 10.2
Throwing       | 1 2 3 4 5 6 7 8 9 10 | 10.2
Armour         | 1 2 3 4 5 6 7 8 9 10 | 10.2
Unarmed Combat | 1 2 3 4 5 6 7 8 9 10 | 10.2
Spellcasting   | 1 2 3 4 5 6 7 8 9 10 | 10.2
Evocations     | 1 2 3 4 5 6 7 8 9 10 | 10.2
Conjurations   | 1 2 3 4 5 6 7 8 |  8.6
Hexes          | 1 2 3 4 5 6 7 8 |  8.6
Necromancy     | 1 2 3 4 5 6 7 8 |  8.6
Translocations | 1 2 3 4 5 6 7 8 |  8.6
Transmutations | 1 2 3 4 5 6 7 8 |  8.6
Fire Magic     | 1 2 3 4 5 6 7 8 |  8.6
Ice Magic      | 1 2 3 4 5 6 7 8 |  8.6
Air Magic      | 1 2 3 4 5 6 7 8 |  8.6
Earth Magic    | 1 2 3 4 5 6 7 8 |  8.6
Poison Magic   | 1 2 3 4 5 6 7 8 |  8.6
Dodging        | 3 4 5 6 7 8 9 10 | 10.5
Shields        | 3 4 5 6 7 8 9 10 | 10.5
Charms         | 4 5 6 7 8 9 |  9.4
Stealth        | 3 4 5 6 7 8 9 10 | 10.5
Fighting       | 5 6 7 8 9 10 11 | 11.1
Summonings     | 6 7 8 9 10 | 10.2

Action                   |  1- 3 |  4- 6 |  7- 9 | 10-12 | 13-15 || total
-------------------------+-------+-------+-------+-------+-------++-------
Melee: Club              |   117 |       |       |       |       ||   117
       Bite              |    11 |    17 |    35 |    38 |   108 ||   209
       Whip              |    19 |   162 |       |       |       ||   181
       Quarterstaff      |       |    26 |     5 |       |       ||    31
       Halberd           |       |       |   342 |   401 |   922 ||  1665
 Fire: Blowgun           |       |     3 |     6 |       |       ||     9
 Cast: Summon Small Mamm |     7 |    28 |     2 |       |       ||    37
       Call Canine Famil |       |       |    11 |    13 |     1 ||    25
       Infusion          |       |       |       |    22 |    13 ||    35
       Spectral Weapon   |       |       |       |    27 |    38 ||    65
       Regeneration      |       |       |       |     7 |    15 ||    22
       Shroud of Golubri |       |       |       |     2 |    10 ||    12
       Summon Ice Beast  |       |       |       |    46 |   108 ||   154
       Mephitic Cloud    |       |       |       |     1 |       ||     1
       Shadow Creatures  |       |       |       |       |    44 ||    44
       Deflect Missiles  |       |       |       |       |     2 ||     2
Invok: Ancestor Identity |       |     1 |     1 |       |       ||     2
       Recall Ancestor   |       |       |     2 |     1 |     2 ||     5
       Ancestor Life: Ba |       |       |     1 |       |       ||     1
       Idealise          |       |       |       |       |    13 ||    13
  Use: Potion            |     1 |       |     1 |     6 |    25 ||    33
       Scroll            |       |       |    23 |    12 |    14 ||    49
 Stab: Sleeping          |     2 |       |     2 |     8 |    25 ||    37
       Distracted        |       |       |     2 |     9 |    25 ||    36
       Petrified         |       |       |       |       |     2 ||     2
       Petrifying        |       |       |       |       |     1 ||     1
  Eat: Chunk             |     3 |     8 |     3 |    11 |    12 ||    37
       Ration            |       |       |     6 |     9 |    21 ||    36
Armor: Robe              |    22 |       |       |       |       ||    22
       Ice dragon scales |    27 |   107 |   257 |   156 |   122 ||   669
       Ring mail         |       |       |       |       |   273 ||   273
Dodge: Dodged            |   110 |   118 |   215 |   259 |   769 ||  1471
       Deflected         |       |       |       |       |    19 ||    19
